 Dungeon Crawl Stone Soup version 0.22-a0-32-ga749362 (webtiles) character file.

35332 grindst0ne the Fighter (level 13, 0/133 HPs)
             Began as an Ogre Hunter on Jan 3, 2018.
             Was a Priest of the Shining One.
             Slain by a death yak (13 damage)
             ... on level 6 of the Lair of Beasts.
             The game lasted 01:41:42 (24412 turns).

grindst0ne the Fighter (Ogre Hunter)               Turns: 24412, Time: 01:41:44

Health: 0/133      AC: 13    Str: 27    XL:     13   Next: 83%
Magic:  20/25      EV: 14    Int: 14    God:    the Shining One [***...]
Gold:   1092       SH: 12    Dex: 13    Spells: 25/28 levels left

rFire    + . .     SeeInvis .   U - +5 giant spiked club
rCold    . . .     Gourm    .   (shield currently unavailable)
rNeg     + . .     Faith    .   y - +4 robe of Augmentation {Str+4 Int+4 Dex+4}
rPois    .         Spirit   .   (helmet restricted)
rElec    +         Reflect  +   j - +0 cloak
rCorr    .         Harm     .   (gloves unavailable)
MR       +....                  (boots unavailable)
Stlth    +.........             q - +3 amulet of reflection
HPRegen  0.32/turn              T - ring "Luuvopt" {rElec rF+ Str+2 Int-4}
MPRegen  0.19/turn              L - +5 ring of protection

@: divine shield, glowing
A: large, unfitting armour, tough skin 1
a: Divine Shield, Renounce Religion


You were on level 6 of the Lair of Beasts.
You worshipped the Shining One.
The Shining One was most pleased with you.
You were hungry.

You visited 3 branches of the dungeon, and saw 17 of its levels.
You also visited: Labyrinth and Ossuary.

You collected 1092 gold pieces.

Inventory:

Hand Weapons
 a - a +4 antimagic scythe
 c - a +4 mace of freezing
 l - a +2 morningstar of holy wrath
 B - a +1 whip of flaming
 U - a +5 giant spiked club (weapon)
Missiles
 g - 327 stones
 i - 3 silver javelins
 R - 2 large rocks (quivered)
Armour
 j - a +0 cloak (worn)
 y - the +4 robe of Augmentation (worn) {Str+4 Int+4 Dex+4}
   (You found it on level 7 of the Dungeon)

   It affects your strength (+4).
   It affects your intelligence (+4).
   It affects your dexterity (+4).
 z - a +1 robe of fire resistance
 E - the +1 troll leather armour of Jigsaw {rF+ Regen+}
   (You found it in a labyrinth)

   It protects you from fire.
   It increases your rate of regeneration.
 H - a +1 robe of cold resistance
Magical Staves
 K - an uncursed staff of conjuration
 Q - an uncursed staff of energy {unknown}
Jewellery
 b - an uncursed ring of ice
 q - a +3 amulet of reflection (around neck)
 r - an uncursed ring of see invisible
 D - the ring of Irhofiq {Ice rElec Int+2 Dex+4 Slay-2, unknown}
   (You found it in a labyrinth)

   [ring of ice]

   It enhances your ice magic.
   It affects your intelligence (+2).
   It affects your dexterity (+4).
   It affects your accuracy and damage with ranged weapons and melee attacks
   (-2).
   It makes you vulnerable to fire.
   It protects you from cold.
   It insulates you from electricity.
 G - an uncursed ring of positive energy
 L - a +5 ring of protection (right hand)
 M - an uncursed ring of fire
 T - the ring "Luuvopt" (left hand) {rElec rF+ Str+2 Int-4}
   (You found it on level 5 of the Dungeon)

   [ring of intelligence]

   It affects your strength (+2).
   It affects your intelligence (-4).
   It protects you from fire.
   It insulates you from electricity.
Wands
 h - a wand of paralysis (16)
 s - a wand of enslavement (18)
 v - a wand of iceblast (30)
 F - a wand of flame (66)
 I - a wand of polymorph (14)
 N - a wand of digging (1)
Scrolls
 e - 2 scrolls of amnesia
 k - 6 scrolls of remove curse
 m - 3 scrolls of magic mapping
 J - 3 scrolls of enchant armour
 V - a scroll of identify
Potions
 d - a potion of ambrosia
 n - 4 potions of magic
 o - 3 potions of mutation
 t - a potion of cancellation
 A - a potion of brilliance
 C - 4 potions of flight
 O - 2 potions of curing
 W - a potion of berserk rage
Books
 p - a book of Power

   Spells                             Type                      Level
   a - Iskenderun's Battlesphere      Conjuration/Charms           5
   b - Venom Bolt                     Conjuration/Poison           5
   c - Bolt of Magma                  Conjuration/Fire/Earth       5
   d - Iron Shot                      Conjuration/Earth            6
   e - Orb of Destruction             Conjuration                  7
   f - Spellforged Servitor           Conjuration/Summoning        7
 w - a book of Unlife

   Spells                             Type                      Level
   a - Recall                         Summoning/Translocation      3
   b - Animate Dead                   Necromancy                   4
   c - Borgnjor's Vile Clutch         Necromancy/Earth             5
   d - Death Channel                  Necromancy                   6
   e - Simulacrum                     Ice/Necromancy               6
 P - a book of Callings

   Spells                             Type                      Level
   a - Summon Small Mammal            Summoning                    1
   b - Call Imp                       Summoning                    2
   c - Call Canine Familiar           Summoning                    3
   d - Summon Guardian Golem          Hexes/Summoning              3
   e - Summon Lightning Spire         Summoning/Air                4
   f - Summon Ice Beast               Ice/Summoning                4
Comestibles
 f - 18 rations


   Skills:
 - Level 10.2 Fighting
 * Level 8.8 Maces & Flails
 - Level 9.2 Throwing
 - Level 5.0 Armour
 - Level 8.2 Dodging
 - Level 0.6 Stealth
 - Level 8.0 Spellcasting
 - Level 7.3 Charms
 - Level 3.1 Ice Magic
 + Level 7.1 Invocations
 - Level 6.0 Evocations


You had 25 spell levels left.
You knew the following spells:

 Your Spells              Type           Power        Failure   Level  Hunger
z - Ozocubu's Armour      Chrm/Ice       ###.....     4%          3    ##.....


Dungeon Overview and Level Annotations

Branches:
Dungeon (10/15)            Temple (1/1) D:6            Lair (6/6) D:10
  Swamp (0/4) Lair:3        Snake (0/4) Lair:4        Slime (0/5) Lair:6
    Orc (0/2) D:9

Altars:
Ashenzari
Cheibriados
Dithmenos
Elyvilon
Fedhas
Gozag
Hepliaklqana
Kikubaaqudgha
Makhleb
Nemelex Xobeh
Okawaru
Qazlal
Ru
Sif Muna
Trog
Uskayaw
Vehumet
Wu Jian
Xom
Yredelemnul
Zin
The Shining One

Shops:
D:8 [

Annotations:
D:7 Angel of Death!
D:9 exclusion: downstairs
Lair:6 Nessos


Innate Abilities, Weirdness & Mutations

You are too large for most types of armour.
You have tough skin. (AC +1)


Message History

The golden flame engulfs the fungus.
The fungus is moderately damaged.
The golden flame engulfs the death yak.
The death yak is lightly wounded.
The golden flame engulfs the death yak.
The death yak is lightly wounded.
The golden flame engulfs the elephant.
The elephant is heavily wounded.
The golden flame engulfs the elephant.
The elephant is lightly wounded.
The golden flame engulfs the water moccasin.
The water moccasin is severely wounded.
The golden flame engulfs the death yak.
The death yak is lightly wounded.
You feel somewhat more hungry.
You can no longer channel blasts of cleansing flame.
You hear a trumpeting!
You hear an angry hiss.
You hear a bellow! x3
You hear an angry hiss.
You hear a croak.
The death yak gores you!
You die...

,,,,,,,..#...§§P.#.####...S##*
,,,,,,c......§§§.D## *....##
*,,,,,..(......P.#.# ##..##
,,*,,,#..##..P....####..##
.##*,,..,*#..#..Y.# #.§..#***
..#*,†#,,###....cS####..#...#**
...,#..,,....P.YY#Y#
##...,...**
..,....,.......#YY## *#....,.,*
.##..G>,..##..YD@P# *###...,*
.......,Y...#.....# *,..,**
....#,,,,.#......## **,.,,,
.#**,,,,,*##.....# **,,,,,*
.##*,,*,,**#....## ***,,,,,,,
..##Y,*,,*#....P,* *,,,,,,,,,
..Y....,,.....P.,** **,,,,,,,,
.Y.Y#PY*,$...PP.,,** *,,,,,,,,
.Y.....,,,,,,,,,,*,** *,,,,,*,,


You could see 5 death yaks, Nessos, 2 six-headed hydras, 2 elephants and a water
moccasin.

Vanquished Creatures
  A minotaur (Lab)
  Fannar (D:10)
  A hell beast (D:9)
  3 hydras
  The ghost of Lanoc the Protected, a journeyman GnWn of Qazlal (D:10)
  2 death yaks (Lair:6)
  Pikel (D:4)
  2 oklob plants (Lair:1)
  Joseph (D:10)
  An orange demon (D:9)
  Maurice (D:9)
  A black mamba (Lair:4)
  8 spiny frogs
  The ghost of grindst0ne the Skirmisher, an amateur OgHu (D:4)
  2 rime drakes
  4 komodo dragons
  Grinder (D:6)
  8 hippogriffs
  11 blink frogs
  A spriggan (D:7)
  Sigmund (D:6)
  Eustachio (D:6)
  33 yaks
  A wyvern (Lair:3)
  A hungry ghost (D:5)
  A wraith (D:5)
  A basilisk (Lair:2)
  The ghost of Nr616 the Spear-Bearer, an amateur MfGl (D:3)
  Menkaure (D:5)
  16 water moccasins
  5 porcupines
  Duvessa (D:7)
  4 sky beasts
  A slave (D:4)
  An orc warrior (D:8)
  2 ice beasts (D:5)
  4 phantoms
  An ogre (D:9)
  2 necrophages
  10 wolves (Lair:2)
  7 centaurs
  9 crocodiles
  3 big kobolds
  4 elf zombies (Ossuary)
  13 bullfrogs
  Dowan (D:7)
  6 scorpions
  3 wyvern skeletons
  58 killer bees
  12 wights
  3 electric eels (Lair:3)
  A vampire bat (Lair:2)
  A howler monkey (D:4)
  4 jellies
  6 centaur zombies (Ossuary)
  2 crimson imps
  2 human zombies (Ossuary)
  A quasit (D:9)
  4 orc wizards
  A bullfrog skeleton (D:9)
  3 hounds
  Crazy Yiuf (D:6)
  A centaur skeleton (D:10)
  2 iguanas
  5 iron imps (D:9)
  Natasha (twice) (D:3)
  7 worker ants
  5 mummies
  10 gnolls
  12 adders
  A howler monkey skeleton (D:4)
  3 shadow imps
  3 oozes
  An adder skeleton (D:9)
  An adder zombie (D:5)
  A worm (D:2)
  4 leopard geckos
  27 orcs
  4 giant cockroaches
  9 goblins
  6 hobgoblins
  5 jackals
  15 kobolds
  4 quokkas
  2 ball pythons
  16 bats
  3 frilled lizards
  2 leopard gecko skeletons
  4 quokka skeletons
  A quokka zombie (D:7)
  6 rats
  A butterfly (D:5)
  A plant (Lair:1)
449 creatures vanquished.

Vanquished Creatures (collateral kills)
  2 death yaks (Lair:6)
  A hippogriff (Lair:6)
3 creatures vanquished.

Vanquished Creatures (others)
  A hippogriff (D:7)
  A water moccasin (Lair:6)
  A bullfrog skeleton (D:4)
  10 fungi
  15 plants
28 creatures vanquished.

Grand Total: 480 creatures vanquished

Notes
Turn   | Place    | Note
-------+----------+-------------------------------------------
     0 | D:1      | grindst0ne the Ogre Hunter began the quest for the Orb.
     0 | D:1      | Reached XP level 1. HP: 22/22 MP: 1/1
     6 | D:1      | Noticed a wolf
     6 | D:1      | Noticed a water moccasin
     6 | D:1      | Noticed a crocodile
     6 | D:1      | Noticed a polar bear
   135 | D:1      | Reached skill level 3 in Fighting
   313 | D:1      | HP: 1/23 [goblin/enchanted dagger (6)]
   314 | D:1      | Reached XP level 2. HP: 1/31 MP: 2/2
   866 | D:1      | Reached XP level 3. HP: 37/39 MP: 3/3
  1354 | D:2      | Reached skill level 4 in Fighting
  1363 | D:2      | Found a snail-covered altar of Cheibriados.
  1684 | D:2      | Reached XP level 4. HP: 36/49 MP: 4/4
  2202 | D:3      | Reached skill level 5 in Throwing
  2210 | D:3      | Reached skill level 5 in Fighting
  2213 | D:3      | Reached XP level 5. HP: 11/57 MP: 5/5
  2503 | D:3      | Noticed Nr616's ghost (amateur MfGl)
  2523 | D:3      | Killed Nr616's ghost
  2523 | D:3      | Reached skill level 6 in Fighting
  2523 | D:3      | Reached XP level 6. HP: 39/67 MP: 6/6
  2690 | D:3      | Noticed Natasha
  2696 | D:3      | Killed Natasha
  2912 | D:3      | Noticed Natasha
  2922 | D:3      | Killed Natasha
  3441 | D:4      | Reached skill level 7 in Fighting
  3580 | D:4      | Found a shadowy altar of Dithmenos.
  3587 | D:4      | Noticed grindst0ne's ghost (amateur OgHu)
  3592 | D:4      | Killed grindst0ne's ghost
  3592 | D:4      | Reached XP level 7. HP: 79/79 MP: 7/7
  3698 | D:4      | Reached skill level 8 in Fighting
  4064 | D:4      | Noticed Pikel
  4109 | D:4      | Killed Pikel
  4109 | D:4      | Reached skill level 9 in Fighting
  4109 | D:4      | Reached XP level 8. HP: 16/92 MP: 8/8
  4489 | D:5      | Entered Level 5 of the Dungeon
  4539 | D:5      | Found a transporter.
  4567 | D:5      | Noticed Menkaure
  4572 | D:5      | Found an ancient bone altar of Kikubaaqudgha.
  4613 | D:5      | Reached skill level 10 in Fighting
  4630 | D:5      | Found a basalt altar of Yredelemnul.
  4632 | D:5      | Noticed a wraith
  4689 | D:5      | HP: 1/93 [iguana (13)]
  4843 | D:5      | Found a sand-covered staircase.
  4855 | Ossuary  | Entered an ossuary
  5125 | Ossuary  | Reached XP level 9. HP: 14/101 MP: 9/9
  6299 | D:5      | Found a transporter.
  6674 | D:5      | Found a shimmering altar of Xom.
  7152 | D:6      | Found a staircase to the Ecumenical Temple.
  7177 | Temple   | Entered the Ecumenical Temple
  7216 | Temple   | Became a worshipper of the Shining One
  7253 | D:6      | Noticed Eustachio
  7273 | D:6      | Killed Eustachio
  7273 | D:6      | Reached skill level 5 in Dodging
  7388 | D:6      | Noticed Sigmund
  7410 | D:6      | Killed Sigmund
  7453 | D:6      | Noticed Grinder
  7461 | D:6      | Killed Grinder
  7505 | D:6      | Found a runed door.
  7509 | D:6      | Noticed Crazy Yiuf
  7510 | D:6      | Killed Crazy Yiuf
  7644 | D:6      | Found a deep blue altar of Sif Muna.
  7773 | D:7      | Found the +4 robe of Augmentation {Str+4 Int+4 Dex+4}
  7828 | D:7      | Reached * piety under the Shining One
  8098 | D:7      | Reached XP level 10. HP: 101/110 MP: 3/10
  8135 | D:7      | Noticed Dowan
  8135 | D:7      | Noticed Duvessa
  8153 | D:7      | Killed Duvessa
  8159 | D:7      | Killed Dowan
  8369 | D:7      | Learned a level 3 spell: Ozocubu's Armour
  8430 | D:7      | Reached skill level 1 in Spellcasting
  8480 | D:7      | Reached skill level 1 in Charms
  8578 | D:7      | Found a sacrificial altar of Ru.
  9422 | D:8      | Reached ** piety under the Shining One
 10374 | D:8      | Found Uniss's Antique Armour Boutique.
 10535 | D:8      | Found a shattered altar of Ashenzari.
 10820 | D:9      | Reached skill level 5 in Spellcasting
 10868 | D:9      | Found an ancient bone altar of Kikubaaqudgha.
 10869 | D:9      | Noticed an orange demon
 10870 | D:9      | Noticed a hell beast
 11047 | D:9      | Found a sparkling altar of Nemelex Xobeh.
 11048 | D:9      | Found a white marble altar of Elyvilon.
 11123 | D:9      | Reached skill level 5 in Charms
 11130 | D:9      | Reached XP level 11. HP: 118/118 MP: 20/20
 11177 | D:9      | Reached *** piety under the Shining One
 11479 | D:9      | Found a staircase to the Orcish Mines.
 11605 | D:9      | Killed a hell beast
 11638 | D:9      | Got a heavy robe
 11653 | D:9      | Identified the cursed +1 robe of Past Mistakes {*Slow rPois rF- rCorr} (You found it on level 9 of the Dungeon)
 11694 | D:10     | Entered Level 10 of the Dungeon
 11856 | D:10     | Noticed Joseph
 11876 | D:10     | Killed Joseph
 11876 | D:10     | Reached skill level 1 in Ice Magic
 12870 | D:10     | Noticed Lanoc's ghost (journeyman GnWn)
 12871 | D:10     | Reached **** piety under the Shining One
 13033 | D:10     | Noticed Fannar
 13212 | D:9      | Reached skill level 1 in Invocations
 13541 | D:10     | Noticed Maurice
 13609 | D:9      | Killed Maurice
 13609 | D:9      | Reached skill level 1 in Evocations
 13703 | D:10     | Killed Lanoc's ghost
 13703 | D:10     | Reached skill level 1 in Maces & Flails
 14052 | D:10     | Found a staircase to the Lair.
 14287 | D:10     | Killed Fannar
 14638 | Lair:1   | Entered Level 1 of the Lair of Beasts
 14819 | Lair:1   | Reached XP level 12. HP: 102/126 MP: 8/24
 15875 | Lair:1   | Reached skill level 5 in Invocations
 17732 | D:5      | Killed Menkaure
 17748 | D:5      | Got a brightly glowing shortbow
 17762 | D:5      | Got a pitted lapis lazuli ring
 17764 | D:5      | Identified the cursed ring "Luuvopt" {rElec rF+ Str+2 Int-4} (You found it on level 5 of the Dungeon)
 17769 | D:5      | Identified the +8 shortbow of the Enchanted Forest {freeze, *Corrode MR+ SInv} (You found it on level 5 of the Dungeon)
 18156 | Lair:2   | Reached skill level 5 in Evocations
 18846 | Lair:2   | Got a bloodstained spear
 18848 | Lair:2   | Identified the cursed +2 spear of Locvus {pierce, Dex+2 Stlth+} (You found it on level 2 of the Lair of Beasts)
 19882 | Lair:3   | Found a staircase to the Swamp.
 19888 | Lair:3   | Reached skill level 1 in Armour
 19897 | Lair:3   | Reached XP level 13. HP: 113/133 MP: 22/25
 19905 | Lair:3   | Reached skill level 5 in Maces & Flails
 20874 | Lair:4   | Found a staircase to the Snake Pit.
 22913 | Lair:5   | Reached skill level 5 in Armour
 23865 | Lair:6   | Entered Level 6 of the Lair of Beasts
 23892 | Lair:6   | Found a staircase to the Slime Pits.
 23919 | Lair:6   | Found a labyrinth entrance.
 23924 | Lab      | Entered a labyrinth
 24309 | Lab      | Noticed a minotaur
 24324 | Lab      | Killed a minotaur
 24334 | Lab      | Got a scorched marble ring
 24335 | Lab      | Got a brightly glowing troll leather armour
 24350 | Lab      | Identified the cursed +1 troll leather armour of Jigsaw {rF+ Regen+} (You found it in a labyrinth)
 24399 | Lair:6   | Noticed Nessos
 24412 | Lair:6   | Slain by a death yak

Vault maps used:
D:1:      onia_arrival_zoo_common
D:2:      nicolae_overflow_crystal_walls, kennysheep_nondescript
D:3:      first_ration, uniq_natasha
D:4:      nicolae_dithmenos_the_darkroom, uniq_pikel
D:5:      gammafunk_temple_of_torment, xom_butterflies,
          gup_ossuary_entry_pyramid
D:6:      led_sif_pool, minmay_temple_entry_junction, uniq_eustachio,
          uniq_grinder, uniq_crazy_yiuf_cottage, uniq_sigmund
D:7:      lemuel_ice_spiral_2, old_standard_altar, serial_glass,
          glass_columns_b, glass_columns_a, glass_columns_a, glass_columns_c,
          glass_columns_c, the_bakery, kennysheep_windowed_goal, uniq_duvessa
D:8:      kennysheep_mini, serial_shops, nicolae_shop_trees, minmay_hedge_maze
D:9:      gammafunk_temple_overflow_pools, orc_0_dummy, lemuel_hellish_altar
D:10:     david_lair_shrubbed, grunt_ministairs_2, uniq_fannar, uniq_joseph,
          uniq_maurice
Temple:   cyrus_circular_temple
Lair:1:   wad_woods_minihive, serial_bayou_pond_d, minmay_lair_oklob_chamber
Lair:2:   st_stairs_11, serial_bayou_pond_e, roderic_batcave, minivault_26
Lair:3:   minmay_swamp_entry_eels, grunt_megastairs_2
Lair:4:   minmay_snake_entry_six_corridors, infiniplex_staircase_pool
Lair:5:   st_stairs_13
Lair:6:   hangedman_lair_caniforms_friends, guppyfry_lair_end_dragon,
          minmay_slime_entry_eyes, lab_entry_generic, serial_bayou_shore_b,
          uniq_nessos
Lab:      labyrinth_mini_lab, nicolae_lab_very_dead_end, labyrinth_lava_lair,
          nicolae_lab_swirl, labyrinth_skeletal_remains, nicolae_lab_stuck
Ossuary:  ossuary_minmay_four_chambers

Skill      XL: |  1  2  3  4  5  6  7  8  9 10 11 12 13 |
---------------+----------------------------------------+-----
Fighting       | 3 4 5 6 7 9 10 | 10.2
Throwing       | 5 7 8 9 |  9.2
Dodging        | 2 7 8 |  8.2
Spellcasting   | 6 8 |  8.0
Charms         | 5 7 |  7.3
Ice Magic      | 3 |  3.1
Invocations    | 3 7 |  7.1
Evocations     | 2 6 |  6.0
Maces & Flails | 1 4 8 |  8.8
Armour         | 1 5 |  5.0
Stealth        | |  0.6

Action                   |  1- 3 |  4- 6 |  7- 9 | 10-12 | 13-15 || total
-------------------------+-------+-------+-------+-------+-------++-------
Melee: Club              |    15 |       |       |       |       ||    15
       Short sword       |     3 |       |       |       |       ||     3
       Dagger            |    65 |    94 |    99 |       |       ||   258
       Whip              |       |       |   121 |       |    16 ||   137
       Scythe            |       |       |    34 |   130 |       ||   164
       Mace              |       |       |       |   563 |   169 ||   732
       Morningstar       |       |       |       |    72 |       ||    72
       Giant spiked club |       |       |       |       |    87 ||    87
Throw: Large rock        |    11 |    22 |    55 |    52 |    26 ||   166
       Throwing net      |     1 |     1 |     1 |       |       ||     3
       Stone             |       |       |    30 |   330 |    16 ||   376
 Cast: Ozocubu's Armour  |       |       |       |    34 |    21 ||    55
Invok: Divine Shield     |       |       |       |     4 |     4 ||     8
       Cleansing Flame   |       |       |       |       |     2 ||     2
Evoke: Wand              |       |       |     6 |    33 |     3 ||    42
  Use: Scroll            |     2 |       |    16 |    16 |    17 ||    51
       Potion            |       |     1 |    10 |     3 |     6 ||    20
 Stab: Sleeping          |     1 |     3 |     1 |       |       ||     5
       Held in net/web   |     1 |       |       |       |       ||     1
  Eat: Chunk             |     2 |     6 |    10 |    18 |    12 ||    48
       Ration            |       |       |     2 |     7 |     1 ||    10
Armor: Robe              |    29 |    17 |    15 |   393 |   161 ||   615
       Skin              |       |       |    67 |       |       ||    67
       Animal skin       |       |       |    33 |       |       ||    33
Dodge: Dodged            |    52 |    51 |   149 |   928 |   280 ||  1460
Block: Other             |       |       |       |   124 |    96 ||   220
       Reflection        |       |       |       |     3 |     1 ||     4

Table legend:
 A = Spawn XP
 B = Non-spawn XP
 C = Spawn XP percentage of total XP
 D = Spawn monster count
 E = Non-spawn monster count
 F = Spawn count percentage of total count
 G = Total turns spent on level
                    A         B        C        D         E        F      G
               +---------+---------+-------+---------+---------+-------+---------
         Total |       0 |   50475 |   0.0 |       0 |     449 |   0.0 | 24412
               +---------+---------+-------+---------+---------+-------+---------
           D:1 |       0 |      35 |   0.0 |       0 |      16 |   0.0 |  1041
           D:2 |       0 |      71 |   0.0 |       0 |      19 |   0.0 |   983
           D:3 |       0 |     350 |   0.0 |       0 |      25 |   0.0 |  1229
           D:4 |       0 |    1218 |   0.0 |       0 |      12 |   0.0 |  1236
           D:5 |       0 |    1559 |   0.0 |       0 |      26 |   0.0 |  1330
           D:6 |       0 |     823 |   0.0 |       0 |       8 |   0.0 |   697
           D:7 |       0 |    2518 |   0.0 |       0 |      42 |   0.0 |  1881
           D:8 |       0 |    1344 |   0.0 |       0 |      25 |   0.0 |  1266
           D:9 |       0 |    4469 |   0.0 |       0 |      54 |   0.0 |  1741
          D:10 |       0 |    5818 |   0.0 |       0 |      28 |   0.0 |  2585
        Lair:1 |       0 |    6470 |   0.0 |       0 |      59 |   0.0 |  2796
        Lair:2 |       0 |    4991 |   0.0 |       0 |      36 |   0.0 |  1608
        Lair:3 |       0 |    3421 |   0.0 |       0 |      21 |   0.0 |  1123
        Lair:4 |       0 |    5614 |   0.0 |       0 |      36 |   0.0 |  1666
        Lair:5 |       0 |    6803 |   0.0 |       0 |      21 |   0.0 |  1292
        Lair:6 |       0 |    3086 |   0.0 |       0 |       5 |   0.0 |    75
           Lab |       0 |    1085 |   0.0 |       0 |       1 |   0.0 |   472
       Ossuary |       0 |     800 |   0.0 |       0 |      15 |   0.0 |  1336
               +---------+---------+-------+---------+---------+-------+---------
